 Dungeon Crawl Stone Soup version 0.16.1 (webtiles) character file.

15919 Scytalen the Nimble (level 12, 0/81 HPs)
             Began as a Demonspawn Fire Elementalist on Mar 22, 2015.
             Was a High Priest of Nemelex Xobeh.
             Killed from afar by a starcursed mass (11 damage)
             ... with an accursed screaming
             ... on level 1 of the Abyss on Mar 23, 2015.
             The game lasted 01:44:23 (18188 turns).

Scytalen the Nimble (Demonspawn Fire Elementalist) Turns: 18188, Time: 01:44:23

Health: 0/81       AC:  6    Str: 15    XL:     12   Next: 5%
Magic:  0/19       EV: 20    Int: 18    God:    Nemelex Xobeh [*****.]
Gold:   242        SH:  2    Dex: 14    Spells: 4 memorised, 6 levels left

rFire  + . .     SeeInvis .     a - +0 hunting sling
rCold  x . .     Clarity  +     r - +0 robe
rNeg   . . .     SustAb   .     (no shield)
rPois  +         Gourm    .     (helmet restricted)
rElec  .         Spirit   +     e - +0 cloak
rCorr  .         Warding  .     C - +0 pair of gloves
rMut   .         Stasis   .     (boots unavailable)
MR     +....                    h - amulet of faith
Stlth  +.........               O - ring of fire
                                F - ring of poison resistance

@: mighty, somewhat resistant to hostile enchantments, very unstealthy
A: hooves 3, horns 1, large bone plates 1, berserk 1, clarity, dopey 1, low mp
1, magic resistance 1, powered by pain 1, robust 1, magic shield
a: Triple Draw, Deal Four, Stack Five, Renounce Religion


You were on level 1 of the Abyss.
You worshipped Nemelex Xobeh.
Nemelex Xobeh was extremely pleased with you.
You were very hungry.

You visited 2 branches of the dungeon, and saw 12 of its levels.
You visited the Abyss 1 time.

You collected 723 gold pieces.
You spent 420 gold pieces at shops.

Inventory:

Hand weapons
 a - a +0 hunting sling (weapon)
 b - a +0 blowgun
Missiles
 y - 21 poisoned needles
 D - 12 sling bullets (quivered)
 Z - 5 curare-tipped needles
Armour
 e - a +0 cloak (worn)
 r - a +0 robe (worn)
 C - a +0 pair of gloves (worn)
Jewellery
 h - an amulet of faith (around neck)
 F - a ring of poison resistance (left hand)
 O - a ring of fire (right hand)
Magical devices
 n - a wand of confusion (34)
 E - a wand of heal wounds (5)
 P - a wand of digging (15)
Scrolls
 i - 2 scrolls of brand weapon {unknown}
 l - a scroll of identify
 m - a scroll of enchant weapon {unknown}
 t - 2 scrolls of recharging {unknown}
 v - 3 scrolls of magic mapping
 w - 2 scrolls of fog
 x - a scroll of immolation {unknown}
 B - a scroll of blinking {unknown}
 Q - 5 scrolls of remove curse
 X - a scroll of fear {unknown}
Potions
 f - a potion of brilliance
 k - 2 potions of heal wounds
 o - 6 potions of curing
 J - a potion of haste
 L - 2 potions of magic
Books
 z - a book of Flames

   Spells                             Type                      Level
   a - Flame Tongue                   Conjuration/Fire             1
   b - Throw Flame                    Conjuration/Fire             2
   c - Conjure Flame                  Conjuration/Fire             3
   d - Inner Flame                    Hexes/Fire                   3
   e - Sticky Flame                   Conjuration/Fire             4
   f - Fireball                       Conjuration/Fire             5
 T - a book of Minor Magic

   Spells                             Type                      Level
   a - Magic Dart                     Conjuration                  1
   b - Blink                          Translocation                2
   c - Call Imp                       Summoning                    2
   d - Repel Missiles                 Charms/Air                   2
   e - Slow                           Hexes                        2
   f - Conjure Flame                  Conjuration/Fire             3
   g - Mephitic Cloud                 Conjuration/Poison/Air       3
Miscellaneous
 d - a legendary deck of war {drawn: 7}
 j - an ornate deck of war {drawn: 3}
 q - an ornate deck of escape {drawn: 8}
 s - a plain deck of war
 u - a plain deck of escape {drawn: 8}
 G - an ornate deck of war {drawn: 3}
 H - a phantom mirror
 I - a plain deck of escape {drawn: 5}
 R - a lamp of fire
 S - an ornate deck of destruction
 Y - a legendary deck of destruction
Comestibles
 c - 13 bread rations


   Skills:
 - Level 12.4 Dodging
 - Level 1.7 Stealth
 + Level 4.1 Spellcasting
 - Level 9.1 Conjurations
 - Level 9.0 Fire Magic
 - Level 5.1 Evocations


You had 6 spell levels left.
You knew the following spells:

 Your Spells              Type           Power        Failure   Level  Hunger
a - Flame Tongue          Conj/Fire      #####        1%          1    None
b - Conjure Flame         Conj/Fire      ######..     1%          3    ###....
c - Sticky Flame          Conj/Fire      ######..     3%          4    ####...
d - Fireball              Conj/Fire      ######....   12%         5    ######.


Dungeon Overview and Level Annotations

Branches:
Dungeon (11/15)            Temple (0/1) D:4            Lair (1/8) D:10
    Orc (0/4) D:11

Altars:
Gozag
Kikubaaqudgha
Nemelex Xobeh
Okawaru
Qazlal
Ru
Sif Muna
Xom
Yredelemnul
Zin

Shops:
D:4 %   D:9 *

Annotations:
Lair:1 Anothat's ghost, experienced MiMo


Innate Abilities, Weirdness & Mutations

You have hooves in place of feet.
You are partially covered in large bone plates (AC +2, SH +2).
You sometimes gain a little power by taking damage.
When hurt, damage is shared between your health and your magic reserves.
You have a pair of small horns on your head.
You tend to lose your temper in combat.
You possess an exceptional clarity of mind.
You are resistant to hostile enchantments.
You are robust (+10% HP).
[You are dopey. (Int -2)]
[Your magical capacity is low (-10% MP).]


Message History

You now have 2/19 mp.
Eat a chunk of flesh? (ye/n/q/i?) This raw flesh tastes terrible.
You are feeling very hungry.
The spatial maelstrom hits you! Space bends around you.
The spatial maelstrom misses you. A chorus of shrieks assaults your mind.
* * * LOW HITPOINT WARNING * * *
You continue eating.
The spatial maelstrom barely misses you. x2
A starcursed mass splits.
You continue eating.
The spatial maelstrom misses you. The spatial maelstrom hits you.
* * * LOW HITPOINT WARNING * * *
Space bends around you.
* * * LOW HITPOINT WARNING * * *
A deafening chorus of shrieks assaults your mind!
You die...
Your body glows with a rainbow of weird colours and disappears.

.## .# #X . #.
...##.. .!
#.#... #..#
###..... .#.##
......##....
#.ยงยง#.X# #.
###@v.###XXX #
##XXX..# #
###[..X##v #.
#.#...## . #.
#..X..X.#.v #..#
#.#...# #
##..#.#..#.#vv #
.....X#.#.......
#....#.##..##.#v


You could see 6 starcursed masses, a tentacled starspawn, a spatial maelstrom
and a large abomination (wandering).

Vanquished Creatures
  2 hill giants
  The ghost of Anothat the Destroyer, an experienced GrEE of Vehumet (D:7)
  2 komodo dragons (D:10)
  2 trolls
  A queen bee (D:8)
  3 raiju (Abyss:1)
  A trapdoor spider zombie (D:11)
  A blink frog (Abyss:1)
  A wyvern (D:8)
  A wraith (D:10)
  7 yaks (D:10)
  A neqoxec (Abyss:1)
  6 hippogriffs
  An insubstantial wisp (Lair:1)
  A wasp (D:9)
  An ice beast (D:6)
  4 sky beasts
  3 water moccasins
  A porcupine (Lair:1)
  4 phantoms
  3 ogres
  2 orc warriors
  5 centaurs
  5 black bears
  A crocodile (Lair:1)
  5 giant frogs
  A water moccasin zombie (D:7)
  3 scorpions
  A water moccasin skeleton (D:11)
  29 killer bees
  12 wights
  3 crimson imps
  2 goliath beetles
  A quasit (Abyss:1)
  2 giant frog zombies
  A starcursed mass (Abyss:1)
  14 jellies
  3 centaur skeletons
  5 orc priests (D:11)
  6 hounds
  10 orc wizards
  7 worker ants
  2 iguanas
  A killer bee zombie (D:10)
  An ogre zombie (D:7)
  2 hound zombies
  A mummy (D:8)
  3 worker ant zombies
  14 adders
  3 gnolls
  3 giant mites
  2 shadow imps
  4 worms (D:2)
  2 adder skeletons
  7 giant geckos
  2 oozes (D:3)
  51 orcs
  14 bats
  A bat zombie (D:5)
  3 giant cockroaches
  10 goblins
  15 hobgoblins
  15 jackals
  5 quokkas
  2 ball pythons
  A giant gecko skeleton (D:4)
  5 giant newts
  A jackal skeleton (D:7)
  19 kobolds
  17 rats
  A rat zombie (D:5)
372 creatures vanquished.

Vanquished Creatures (collateral kills)
  A rakshasa (Abyss:1)
  A thrashing horror (Abyss:1)
  A wretched star (Abyss:1)
  A cyclops (D:11)
  A sixfirhy (Abyss:1)
  An orange demon (Abyss:1)
  An ogre (D:7)
  2 small abominations (Abyss:1)
  A jelly (D:11)
  2 killer bees
  3 crimson imps
  5 starcursed masses (Abyss:1)
  A worker ant (D:4)
  2 adders
  A giant gecko (D:3)
  A bat zombie (D:7)
  A kobold (D:3)
  A jackal (D:3)
  A rat (D:3)
28 creatures vanquished.

Vanquished Creatures (others)
  A tentacled starspawn (Abyss:1)
  A very ugly thing (Abyss:1)
  A starcursed mass (Abyss:1)
  2 water elementals (Abyss:1)
  2 air elementals
  An insubstantial wisp (Lair:1)
  A hell hound (Abyss:1)
  A centaur (D:2)
  4 starspawn tentacles (Abyss:1)
  57 starspawn tentacle segments (Abyss:1)
71 creatures vanquished.

Grand Total: 471 creatures vanquished

Notes
Turn   | Place    | Note
--------------------------------------------------------------
     0 | D:1      | Scytalen, the Demonspawn Fire Elementalist, began the quest for the Orb.
     0 | D:1      | Reached XP level 1. HP: 13/13 MP: 3/3
   341 | D:1      | Found a sparkling altar of Nemelex Xobeh.
   356 | D:1      | Became a worshipper of Nemelex Xobeh the Trickster
   414 | D:1      | Reached skill level 3 in Fire Magic
   546 | D:1      | Gained mutation: You have large cloven feet. [demonic ancestry]
   546 | D:1      | Reached XP level 2. HP: 19/19 MP: 2/4
   678 | D:1      | Received a gift from Nemelex Xobeh
  1365 | D:2      | Reached XP level 3. HP: 21/24 MP: 0/6
  2462 | D:2      | Gained mutation: You are partially covered in large bone plates (AC +2, SH +2). [demonic ancestry]
  2462 | D:2      | Reached XP level 4. HP: 30/30 MP: 3/7
  2555 | D:2      | Found an iron altar of Okawaru.
  2909 | D:2      | Learned a level 3 spell: Conjure Flame
  3123 | D:3      | Received a gift from Nemelex Xobeh
  3150 | D:3      | Reached skill level 4 in Fire Magic
  3648 | D:3      | Found a sparkling altar of Nemelex Xobeh.
  3738 | D:3      | Gained mutation: You sometimes gain a little power by taking damage. [demonic ancestry]
  3738 | D:3      | Reached XP level 5. HP: 35/35 MP: 5/9
  3825 | D:3      | Found a stormy altar of Qazlal.
  3968 | D:4      | Learned a level 4 spell: Sticky Flame
  4051 | D:4      | Received a gift from Nemelex Xobeh
  4062 | D:4      | Found a basalt altar of Yredelemnul.
  4271 | D:4      | Found a staircase to the Ecumenical Temple.
  4795 | D:4      | Found Ubraly's Food Shoppe.
  4816 | D:4      | Found a shimmering altar of Xom.
  4827 | D:4      | Acquired Nemelex Xobeh's first power
  5074 | D:5      | Entered Level 5 of the Dungeon
  5134 | D:5      | Noticed a phantom
  5148 | D:5      | Killed a phantom
  5148 | D:5      | Reached skill level 5 in Fire Magic
  5148 | D:5      | Gained mutation: You have hoof-like feet. [demonic ancestry]
  5148 | D:5      | Reached XP level 6. HP: 32/41 MP: 1/10
  5414 | D:5      | Noticed a centaur
  5422 | D:5      | Killed a centaur
  5422 | D:5      | Reached skill level 5 in Conjurations
  5588 | D:5      | Received a gift from Nemelex Xobeh
  5629 | D:5      | Noticed an ogre
  5658 | D:5      | Killed an ogre
  5658 | D:5      | Reached XP level 7. HP: 46/46 MP: 8/12
  5800 | D:5      | Found a glowing silver altar of Zin.
  5968 | D:5      | Noticed a centaur
  5981 | D:5      | Killed a centaur
  5981 | D:5      | Reached skill level 6 in Conjurations
  6209 | D:5      | Found an ancient bone altar of Kikubaaqudgha.
  6289 | D:5      | Noticed a centaur
  6295 | D:5      | Killed a centaur
  6490 | D:6      | Acquired Nemelex Xobeh's second power
  6671 | D:6      | Reached skill level 1 in Evocations
  6685 | D:6      | Received a gift from Nemelex Xobeh
  7131 | D:6      | Gained mutation: You are robust (+10% HP). [potion of mutation]
  7131 | D:6      | Gained mutation: You tend to lose your temper in combat. [potion of mutation]
  7131 | D:6      | Gained mutation: Your body is slowly deteriorating. [potion of mutation]
  7281 | D:6      | Received a gift from Nemelex Xobeh
  7520 | D:6      | Gained mutation: You have hooves in place of feet. [demonic ancestry]
  7520 | D:6      | Reached XP level 8. HP: 57/57 MP: 11/13
  7781 | D:7      | Reached skill level 5 in Evocations
  7871 | D:7      | Noticed Anothat's ghost (experienced GrEE)
  7891 | D:7      | Killed Anothat's ghost
  7891 | D:7      | Reached skill level 7 in Conjurations
  8026 | D:7      | Noticed a troll
  8043 | D:7      | Killed a troll
  8129 | D:7      | Reached skill level 8 in Fire Magic
  8129 | D:7      | Reached XP level 9. HP: 55/62 MP: 5/16
  8757 | D:7      | Received a gift from Nemelex Xobeh
  9114 | D:7      | Found a sacrificial altar of Ru.
  9121 | D:7      | Received a gift from Nemelex Xobeh
  9133 | D:7      | Acquired Nemelex Xobeh's third power
  9450 | D:8      | Reached skill level 5 in Dodging
  9478 | D:8      | Received a gift from Nemelex Xobeh
  9483 | D:8      | Found a deep blue altar of Sif Muna.
  9532 | D:8      | Gained mutation: You have a pair of small horns on your head. [mutagenic meat]
  9533 | D:8      | Lost mutation: Your body is slowly deteriorating. [mutagenic meat]
  9609 | D:8      | Found an opulent altar of Gozag.
 10135 | D:8      | Received a gift from Nemelex Xobeh
 10281 | D:8      | Gained mutation: When hurt, damage is shared between your health and your magic reserves. [demonic ancestry]
 10281 | D:8      | Reached XP level 10. HP: 69/69 MP: 4/18
 10387 | D:8      | Reached skill level 9 in Fire Magic
 11027 | D:9      | Received a gift from Nemelex Xobeh
 11090 | D:9      | Learned a level 5 spell: Fireball
 11461 | D:9      | Received a gift from Nemelex Xobeh
 11798 | D:9      | Found Gied's General Store.
 11801 | D:9      | Bought a potion of beneficial mutation for 420 gold pieces
 11895 | D:10     | Entered Level 10 of the Dungeon
 11897 | D:10     | Gained mutation: You possess an exceptional clarity of mind. [potion of beneficial mutation]
 11898 | D:10     | Gained mutation: You are resistant to hostile enchantments. [potion of beneficial mutation]
 12172 | D:10     | Received a gift from Nemelex Xobeh
 12820 | D:10     | Found a staircase to the Lair.
 13196 | D:10     | Received a gift from Nemelex Xobeh
 13228 | D:10     | Reached XP level 11. HP: 70/74 MP: 8/19
 13336 | D:10     | Noticed a hill giant
 13352 | D:10     | Killed a hill giant
 13963 | D:10     | Reached skill level 10 in Dodging
 14965 | D:11     | Received a gift from Nemelex Xobeh
 15472 | D:11     | Noticed a hill giant
 15503 | D:11     | Killed a hill giant
 15744 | D:11     | Found a staircase to the Orcish Mines.
 15761 | D:11     | Reached skill level 11 in Dodging
 16186 | D:11     | Received a gift from Nemelex Xobeh
 17041 | D:11     | Upgraded the game from 0.16.0-18-g484a79e to 0.16.1
 17117 | Lair:1   | Entered Level 1 of the Lair of Beasts
 17412 | Lair:1   | Received a gift from Nemelex Xobeh
 17507 | Lair:1   | Received a gift from Nemelex Xobeh
 17658 | Lair:1   | Noticed Anothat's ghost (experienced MiMo)
 17759 | Lair:1   | Cast into the Abyss (drawing a card)
 17827 | Abyss:1  | Reached skill level 12 in Dodging
 17873 | Abyss:1  | Found a corrupted altar of Lugonu.
 17881 | Abyss:1  | Noticed a tentacled starspawn
 17885 | Abyss:1  | Killed a tentacled starspawn
 17895 | Abyss:1  | Noticed a thrashing horror
 17899 | Abyss:1  | Killed a thrashing horror
 17903 | Abyss:1  | Received a gift from Nemelex Xobeh
 17978 | Abyss:1  | Found a corrupted altar of Lugonu.
 18017 | Abyss:1  | Noticed a starcursed mass
 18060 | Abyss:1  | Received a gift from Nemelex Xobeh
 18069 | Abyss:1  | Noticed a starcursed mass
 18083 | Abyss:1  | Paralysed by accursed screaming for 1 turns
 18084 | Abyss:1  | Killed a starcursed mass
 18088 | Abyss:1  | Killed a starcursed mass
 18090 | Abyss:1  | Killed a starcursed mass
 18091 | Abyss:1  | Killed a starcursed mass
 18093 | Abyss:1  | Killed a starcursed mass
 18094 | Abyss:1  | Noticed a rakshasa
 18096 | Abyss:1  | Killed a starcursed mass
 18098 | Abyss:1  | Killed a starcursed mass
 18100 | Abyss:1  | Noticed a wretched star
 18101 | Abyss:1  | Killed a rakshasa
 18101 | Abyss:1  | Reached XP level 12. HP: 81/81 MP: 14/21
 18116 | Abyss:1  | Killed a wretched star
 18159 | Abyss:1  | Noticed a tentacled starspawn
 18162 | Abyss:1  | Noticed a starcursed mass
 18181 | Abyss:1  | Noticed a starcursed mass
 18188 | Abyss:1  | Killed from afar by a starcursed mass

Action                   |  1- 3 |  4- 6 |  7- 9 | 10-12 || total
-------------------------+-------+-------+-------+-------++-------
Melee: Spear             |       |     1 |       |       ||     1
       Blowgun           |       |       |       |     1 ||     1
       Hunting sling     |       |       |       |     1 ||     1
 Fire: Hunting sling     |     2 |    88 |   136 |    61 ||   287
       Blowgun           |       |    13 |   118 |   150 ||   281
Throw: Stone             |    87 |     1 |       |       ||    88
 Cast: Flame Tongue      |    71 |    97 |   164 |   452 ||   784
       Conjure Flame     |       |     3 |    15 |    23 ||    41
       Sticky Flame      |       |       |       |    21 ||    21
Invok: Triple Draw       |       |       |     3 |    10 ||    13
       Deal Four         |       |       |       |     2 ||     2
Evoke: Deck              |     3 |     9 |    14 |    47 ||    73
  Use: Potion            |     1 |     1 |     1 |     6 ||     9
       Scroll            |       |     8 |     8 |     4 ||    20
 Stab: Distracted        |       |     1 |     1 |     2 ||     4
       Sleeping          |       |     1 |     8 |    11 ||    20
       Fleeing           |       |       |     1 |       ||     1
  Eat: Chunk             |     5 |    12 |    20 |    37 ||    74
       Fruit             |       |       |       |     1 ||     1
       Beef jerky        |       |       |       |     1 ||     1
